 Dungeon Crawl Stone Soup version 0.18-a0-1285-g60d00e1 (webtiles) character file.

4236 M4edhros the Blocker (level 10, -8/66 HPs)
             Began as an Octopode Artificer on Feb 8, 2016.
             Mangled by a hornet (15 damage)
             ... on level 7 of the Dungeon.
             The game lasted 00:13:20 (7226 turns).

M4edhros the Blocker (Octopode Artificer)           Turns: 7226, Time: 00:13:20

Health: -8/66      AC:  1    Str: 11    XL:     10   Next: 30%
Magic:  15/15      EV: 15    Int: 18    God:    Xom [.*....]
Gold:   104        SH: 11    Dex: 12    Spells: 0 memorised, 9 levels left

rFire  . . .     SeeInvis .     F - +4 short sword (drain)
rCold  . . .     Gourm    .     i - +0 shield
rNeg   . . .     Faith    .     (helmet restricted)
rPois  .         Spirit   .     (no amulet)
rElec  .         Dismiss  .     (no ring)
rCorr  .         Reflect  .     (no ring)
SustAt .         Harm     .     (no ring)
MR     .....                    (no ring)
Stlth  +++++.....               (no ring)
                                (no ring)
                                (no ring)
                                (no ring)

@: lethally poisoned (-8 -> -62), very slightly contaminated, not resistant to
hostile enchantments, quite stealthy
A: almost no armour, amphibious, 8 rings, constrict 8, camouflage 1, screaming
1, gelatinous body 1
a: Renounce Religion


You were on level 7 of the Dungeon.
You worshipped Xom.
You were a plaything of Xom.
You were not hungry.

You visited 2 branches of the dungeon, and saw 8 of its levels.

You collected 365 gold pieces.
You spent 261 gold pieces at shops.

Inventory:

Hand Weapons
 a - a cursed -1 hunting sling
 E - a +1 flail of protection
 F - a +4 short sword of draining (weapon)
Missiles
 j - 53 sling bullets
 k - 230 stones (quivered)
 l - 8 javelins
Armour
 i - a +0 shield (worn)
Wands
 b - a wand of flame (1/48)
 c - a wand of enslavement (10/24)
 d - a wand of random effects (9/48)
Scrolls
 e - a scroll of blinking
 m - a scroll of enchant armour {unknown}
 n - a scroll of magic mapping {unknown}
 r - 4 scrolls of remove curse
 t - a scroll of recharging {unknown}
 v - a scroll of teleportation
 w - a scroll of enchant weapon
 y - 2 scrolls of immolation
 B - 2 scrolls of fear
Potions
 h - 2 potions of berserk rage
 p - 5 potions of curing
 s - a potion of resistance
 x - a potion of mutation {unknown}
 z - a potion of flight {unknown}
 A - a potion of cancellation {unknown}
 C - a potion of beneficial mutation {unknown}
Books
 g - a book of Maledictions

   Spells                             Type                      Level
   a - Corona                         Hexes                        1
   b - Ensorcelled Hibernation        Hexes/Ice                    2
   c - Confuse                        Hexes                        3
   d - Tukima's Dance                 Hexes                        3
   e - Dazzling Spray                 Conjuration/Hexes            3
Comestibles
 f - 4 bread rations
 o - 3 meat rations


   Skills:
 - Level 5.1 Fighting
 - Level 1.0 Short Blades
 + Level 9.2 Dodging
 + Level 7.9 Stealth
 * Level 10.3 Shields
 + Level 7.0 Evocations


You had 9 spell levels left.
You didn't know any spells.

Dungeon Overview and Level Annotations

Branches:
Dungeon (7/15)             Temple (1/1) D:7

Altars:
Ashenzari
Cheibriados
Dithmenos
Elyvilon
Fedhas
Gozag
Makhleb
Nemelex Xobeh
Pakellas
Ru
Sif Muna
Trog
Vehumet
Xom
Yredelemnul
Zin
Lugonu

Shops:
D:6 **(


Innate Abilities, Weirdness & Mutations

You cannot wear most types of armour.
You are amphibious.
You can wear up to eight rings at the same time.
You can use your tentacles to constrict eight enemies at once.
Your skin changes colour to match your surroundings (Stealth).
Your rubbery body absorbs attacks (AC +1).
You occasionally shout uncontrollably at your foes.


Message History

You feel as though you will be slow longer.
You feel very sick.
The hornet barely misses you. x2; The hornet closely misses you.
You feel very sick. The hornet barely misses you. The hornet stings you.
You are more poisoned.
You feel yourself speed up.
You feel very sick. The hornet stings you!
You are more poisoned.
The hornet stings you!
* * * LOW HITPOINT WARNING * * *
You are more poisoned.
You feel yourself slow down.
You feel yourself speed up.
* * * LOW HITPOINT WARNING * * *
You feel extremely sick. The hornet stings you!
You die...
Xom chortles!

########## #.# #..# #......
..#......# #.# #..# #......
..'?####.# #.# ### ##########.##
..### #.####<###.###....### #.#
### #..........##.......###.# ..#
##########.#.......).##.## .##
#.....# ###....#...)##... .#
#.###.#####...###.รท..##.#
.########.# #...@y....#.#._..##.#
......<...#########...###....##.#
...######........##....#...)###.#
##.# #.#########........)# #.#
#.# #.# ##.......## #.# #.# #.#
##....### #.# #.######.#
###########.# #........#
#...........# ##########
#############


You could see a hornet.

Vanquished Creatures
  An orc warrior (D:6)
  2 sky beasts
  A necrophage (D:7)
  A phantom (D:7)
  An ogre (D:7)
  3 worker ants
  A centaur (D:7)
  A crocodile (D:7)
  A big kobold (D:7)
  Blork the orc (D:4)
  4 giant frogs
  A scorpion (D:5)
  A centaur zombie (D:7)
  2 crimson imps (D:5)
  2 jellies
  4 hounds
  2 giant frog skeletons (D:7)
  3 orc priests
  2 orc wizards
  2 hound skeletons (D:4)
  A worker ant zombie (D:7)
  Robin (D:4)
  5 adders
  A shadow imp (D:5)
  An ooze (D:5)
  An adder skeleton (D:4)
  3 worms
  2 giant geckos
  15 orcs
  3 ball pythons
  5 giant cockroaches
  17 goblins
  3 hobgoblins
  7 jackals
  9 kobolds
  2 quokkas
  9 bats
  A giant gecko skeleton (D:6)
  6 giant newts
  A jackal skeleton (D:5)
  18 rats
147 creatures vanquished.

Vanquished Creatures (collateral kills)
  A necrophage (D:5)
  2 killer bees (D:6)
  A centaur skeleton (D:6)
  A hound zombie (D:4)
5 creatures vanquished.

Vanquished Creatures (others)
  A killer bee (D:6)
  A centaur (D:4)
2 creatures vanquished.

Grand Total: 154 creatures vanquished

Notes
Turn   | Place    | Note
--------------------------------------------------------------
     0 | D:1      | M4edhros the Octopode Artificer began the quest for the Orb.
     0 | D:1      | Reached XP level 1. HP: 13/13 MP: 3/3
   244 | D:1      | Found a sparkling altar of Nemelex Xobeh.
   301 | D:1      | Reached skill level 1 in Shields
   301 | D:1      | Reached XP level 2. HP: 18/18 MP: 4/4
   847 | D:2      | Reached XP level 3. HP: 12/23 MP: 5/5
  1029 | D:2      | Found a sacrificial altar of Ru.
  1541 | D:2      | Reached XP level 4. HP: 28/28 MP: 6/6
  1653 | D:2      | Reached skill level 4 in Evocations
  1873 | D:3      | Found a snail-covered altar of Cheibriados.
  2009 | D:4      | Noticed an ogre
  2096 | D:4      | Reached XP level 5. HP: 24/33 MP: 8/8
  2308 | D:4      | Noticed a centaur
  2313 | D:4      | Found a shattered altar of Ashenzari.
  2528 | D:4      | Reached XP level 6. HP: 10/38 MP: 9/9
  2556 | D:4      | HP: 1/38 [poisoned by a worker ant]
  2989 | D:4      | Noticed Blork the orc
  3002 | D:4      | Killed Blork the orc
  3169 | D:4      | Noticed Robin
  3183 | D:4      | Killed Robin
  3267 | D:5      | Entered Level 5 of the Dungeon
  3354 | D:5      | Reached skill level 5 in Evocations
  3419 | D:5      | Reached XP level 7. HP: 21/43 MP: 10/10
  3561 | D:5      | Reached skill level 5 in Stealth
  3944 | D:5      | Reached skill level 5 in Shields
  4389 | D:6      | Reached XP level 8. HP: 34/48 MP: 12/12
  4454 | D:6      | Found a basalt altar of Yredelemnul.
  4771 | D:6      | Reached skill level 6 in Stealth
  4792 | D:6      | Found Feneil's Assorted Antiques.
  4848 | D:6      | Found Pamihass's Antique Weapon Boutique.
  4865 | D:6      | Bought a smoking whip for 135 gold pieces
  4865 | D:6      | Identified the cursed +0 whip "Cucenemy" {drain, rElec rF+ rN+} (You bought it in a shop on level 6 of the Dungeon)
  4883 | D:6      | Bought a runed flail for 63 gold pieces
  4883 | D:6      | Bought a runed flail for 63 gold pieces
  5062 | D:6      | Found Lourch's General Store.
  5651 | D:7      | Reached skill level 5 in Dodging
  5651 | D:7      | Reached skill level 7 in Stealth
  5669 | D:7      | Found an opulent altar of Gozag.
  5696 | D:7      | Reached XP level 9. HP: 27/53 MP: 13/13
  5861 | D:7      | Found a white marble altar of Elyvilon.
  6041 | D:7      | Noticed a moth of wrath
  6235 | D:7      | Found a deep blue altar of Sif Muna.
  6362 | D:7      | Found a staircase to the Ecumenical Temple.
  6444 | D:7      | Found a shadowy altar of Dithmenos.
  6564 | Temple   | Entered the Ecumenical Temple
  6584 | Temple   | Became a worshipper of Xom of Chaos
  6760 | D:7      | XOM: potion effect (agility)
  6775 | D:7      | XOM: potion effect (brilliance)
  6779 | D:7      | XOM: potion effect (agility)
  6791 | D:7      | XOM: potion effect (curing)
  6795 | D:7      | XOM: potion effect (invisibility)
  6799 | D:7      | XOM: potion effect (haste)
  6804 | D:7      | Found a bloodstained altar of Trog.
  6835 | D:7      | XOM: harmless Conj miscast
  6893 | D:7      | XOM: potion effect (might)
  6894 | D:7      | XOM: potion effect (invisibility)
  6904 | D:7      | XOM: potion effect (might)
  6912 | D:7      | XOM: potion effect (berserk rage)
  6915 | D:7      | XOM: silly message
  6928 | D:7      | XOM: silly message
  6931 | D:7      | XOM: divination: detect creatures
  6973 | D:7      | XOM: harmless Necr miscast
  6986 | D:7      | XOM: potion effect (berserk rage)
  7000 | D:7      | XOM: silly message
  7008 | D:7      | XOM: potion effect (invisibility)
  7027 | D:7      | XOM: potion effect (agility)
  7029 | D:7      | XOM: potion effect (haste)
  7086 | D:7      | XOM: confuse monster(s)
  7137 | D:7      | Gained mutation: You occasionally shout uncontrollably at your foes. [mutagenic glow]
  7140 | D:7      | XOM: potion effect (experience)
  7140 | D:7      | Reached skill level 5 in Fighting
  7140 | D:7      | Reached skill level 9 in Dodging
  7140 | D:7      | Reached skill level 10 in Shields
  7140 | D:7      | Reached XP level 10. HP: 57/66 MP: 15/15
  7144 | D:7      | XOM: divination: detect creatures
  7167 | D:7      | Noticed a hornet
  7167 | D:7      | a moth of wrath changed into a hornet
  7167 | D:7      | XOM: polymorph moth of wrath -> hornet
  7176 | D:7      | XOM: silly message
  7216 | D:7      | XOM: blink monster(s)
  7226 | D:7      | Mangled by a hornet

Vault maps used:
D:1:      dpeg_arrival_simpleton_c, nemelex_deck
D:2:      hangedman_ru_absence, first_bread, minmay_quantized
D:3:      nicolae_overflow_hidden_temple
D:4:      ashenzari_altar_1, uniq_robin, uniq_blork_the_orc
D:6:      marbit_many_paths, serial_shops, shop_fountains,
          nicolae_shop_temple_entry_statues_fountains, shop, st_stairs_13
D:7:      old_standard_altar, overflow_temple_1_default,
          grunt_dithmenos_shadows, tgw_trog, old_standard_altar,
          minmay_temple_entry_statues_fountains
Temple:   corrupted_temple

Action                   |  1- 3 |  4- 6 |  7- 9 | 10-12 || total
-------------------------+-------+-------+-------+-------++-------
Melee: Short sword       |    38 |       |    35 |       ||    73
       Dagger            |    30 |   118 |    94 |       ||   242
       Flail             |       |       |    59 |       ||    59
Evoke: Wand              |     3 |     7 |    15 |       ||    25
  Use: Scroll            |     2 |       |     7 |       ||     9
       Potion            |       |     2 |     2 |       ||     4
 Stab: Sleeping          |     9 |     5 |    21 |       ||    35
       Distracted        |       |       |     2 |       ||     2
       Confused          |       |       |     1 |       ||     1
  Eat: Chunk             |     2 |     2 |    10 |       ||    14
       Meat ration       |       |     1 |     1 |       ||     2
       Beef jerky        |       |     1 |       |       ||     1
